 Dungeon Crawl Stone Soup version 0.22.0-36-g8e74550 (webtiles) character file.

156 Lew the Skirmisher (level 5, -6/70 HPs)
             Began as a Gnoll Abyssal Knight on Aug 24, 2018.
             Was a Believer of Lugonu.
             Mangled by an orc warrior
             ... wielding a +0 hand axe
              (8 damage)
             ... on level 1 of the Dungeon.
             The game lasted 00:06:33 (2611 turns).

Lew the Skirmisher (Gnoll Abyssal Knight)           Turns: 2611, Time: 00:06:34

Health: -6/70      AC: 23    Str: 15    XL:     5   Next: 38%
Magic:  2/17       EV:  2    Int: 14    God:    Lugonu [**....]
Gold:   133        SH:  0    Dex: 15    Spells: 6/6 levels left

rFire    . . .     SeeInvis .   a - +1 hand axe
rCold    . . .     Gourm    .   (no shield)
rNeg     + + +     Faith    .   (armour currently unavailable)
rPois    +         Spirit   .   (helmet currently unavailable)
rElec    .         Reflect  .   (cloak currently unavailable)
rCorr    .         Harm     .   (gloves currently unavailable)
MR       .....     NoTele   +   (boots currently unavailable)
Stlth    ++........             (no amulet)
HPRegen  0.21/turn              g - ring of magical power (curse)
MPRegen  0.15/turn              j - +1 ring of protection

@: tree-form
A: distributed training, strong nose
a: Depart the Abyss, Bend Space, Renounce Religion


You were on level 1 of the Dungeon.
You worshipped Lugonu.
Lugonu was pleased with you.
You were not hungry.
You were a tree.
You visited 1 branch of the dungeon, and saw 3 of its levels.
You visited the Abyss 1 time.

You collected 133 gold pieces.

Inventory:

Hand Weapons
 a - a +1 hand axe (weapon)
Armour
 f - a scarf of spirit shield (melded)
 h - a scarf of cloud immunity
 i - a +3 leather armour (melded)
Jewellery
 g - a cursed ring of magical power (left branch)
 j - a +1 ring of protection (right branch)
Scrolls
 b - a scroll of identify
Potions
 e - a potion of flight
 k - a potion of cancellation
Comestibles
 c - 3 rations


   Skills:
 + Level 6.7 Fighting
 + Level 1.4 Short Blades
 + Level 1.4 Long Blades
 + Level 4.7 Axes
 + Level 1.4 Maces & Flails
 + Level 1.4 Polearms
 + Level 1.4 Staves
 + Level 1.4 Slings
 + Level 1.4 Bows
 + Level 1.4 Crossbows
 + Level 1.4 Throwing
 + Level 4.7 Armour
 + Level 2.9 Dodging
 + Level 1.4 Stealth
 + Level 1.4 Shields
 + Level 1.4 Unarmed Combat
 + Level 1.4 Spellcasting
 + Level 1.1 Conjurations
 + Level 1.1 Hexes
 + Level 1.1 Charms
 + Level 1.1 Summonings
 + Level 1.1 Necromancy
 + Level 1.1 Translocations
 + Level 1.1 Transmutations
 + Level 1.1 Fire Magic
 + Level 1.1 Ice Magic
 + Level 1.1 Air Magic
 + Level 1.1 Earth Magic
 + Level 1.1 Poison Magic
 + Level 4.8 Invocations
 + Level 1.4 Evocations


You had 6 spell levels left.
You didn't know any spells.
Your spell library was empty.

Dungeon Overview and Level Annotations

Branches:
Dungeon (3/15)

Altars:


Innate Abilities, Weirdness & Mutations

Your experience applies equally to all skills.
((You have very sharp teeth.))
Your uncanny sense of smell can sniff out nearby items.


Message History

The orc warrior hits you with a hand axe!
* * * LOW HITPOINT WARNING * * *
You hit the orc warrior but do no damage.
The orc warrior is heavily wounded.
The orc warrior hits you with a hand axe.
* * * LOW HITPOINT WARNING * * *
Okay, then.
Okay, then.
Remove which piece of jewellery? (? for menu, Esc to quit)
Okay, then.
You turn into a tree.
Your scarf of spirit shield melds into your body.
Your +3 leather armour melds into your body.
You feel strangely alone.
Your roots penetrate the ground.
The orc warrior hits you with a hand axe!
* * * LOW HITPOINT WARNING * * *
You hit the orc warrior but do no damage.
The orc warrior is heavily wounded.
The orc warrior hits you with a hand axe!
You die...

##.## #..#..# #.##.# #.#
#....## #.##.# #.# #.#.##
#.##.# #.# #.#.# #.##.#
#.# #.#.# #.##.# #.# #.#.#
###.##.# #.# #.#.#
#...##.# #.# #.#.#
#.####.# #.# #..♣# #.#
#..# #.# #.o## #.# #.##
#.# #..# #.# #.#
#.#####..# #.# #.#
#........# #.# #.#
##.....#.#####.# #.#
#######..)...........# #.#
.................##..# #.#
#######.......##.##..###.#


You could see an orc warrior.

Vanquished Creatures
  6 adders
  3 oozes
  5 worms
  A dart slug (D:1)
  3 leopard geckos
  An orc (D:3)
  3 giant cockroaches
  11 goblins
  10 hobgoblins
  8 kobolds
  4 quokkas
  7 bats
  3 frilled lizards
  5 rats
70 creatures vanquished.

Notes
Turn   | Place    | Note
-------+----------+-------------------------------------------
     0 | Abyss:1  | Lew the Gnoll Abyssal Knight began the quest for the Orb.
     0 | Abyss:1  | Reached XP level 1. HP: 23/23 MP: 3/3
    34 | Abyss:1  | Noticed a frost giant zombie
    61 | Abyss:1  | Noticed a starcursed mass
    79 | Abyss:1  | Noticed a large abomination
   132 | Abyss:2  | Noticed a small abomination
   136 | D:1      | Escaped the Abyss
   160 | D:1      | Reached * piety under Lugonu
   160 | D:1      | Reached XP level 2. HP: 21/29 MP: 5/5
   618 | D:1      | Reached XP level 3. HP: 25/35 MP: 6/6
  1222 | D:2      | Reached ** piety under Lugonu
  1362 | D:2      | Reached skill level 1 in Short Blades
  1362 | D:2      | Reached skill level 1 in Long Blades
  1362 | D:2      | Reached skill level 1 in Maces & Flails
  1362 | D:2      | Reached skill level 1 in Polearms
  1362 | D:2      | Reached skill level 1 in Staves
  1362 | D:2      | Reached skill level 1 in Slings
  1362 | D:2      | Reached skill level 1 in Bows
  1362 | D:2      | Reached skill level 1 in Crossbows
  1362 | D:2      | Reached skill level 1 in Throwing
  1362 | D:2      | Reached skill level 1 in Stealth
  1362 | D:2      | Reached skill level 1 in Shields
  1362 | D:2      | Reached skill level 1 in Unarmed Combat
  1362 | D:2      | Reached skill level 1 in Spellcasting
  1362 | D:2      | Reached skill level 1 in Evocations
  1362 | D:2      | Reached XP level 4. HP: 40/41 MP: 1/7
  1668 | D:2      | Reached skill level 1 in Conjurations
  1668 | D:2      | Reached skill level 1 in Hexes
  1668 | D:2      | Reached skill level 1 in Charms
  1668 | D:2      | Reached skill level 1 in Summonings
  1668 | D:2      | Reached skill level 1 in Necromancy
  1668 | D:2      | Reached skill level 1 in Translocations
  1668 | D:2      | Reached skill level 1 in Transmutations
  1668 | D:2      | Reached skill level 1 in Fire Magic
  1668 | D:2      | Reached skill level 1 in Ice Magic
  1668 | D:2      | Reached skill level 1 in Air Magic
  1668 | D:2      | Reached skill level 1 in Earth Magic
  1668 | D:2      | Reached skill level 1 in Poison Magic
  1733 | D:2      | Reached XP level 5. HP: 34/47 MP: 8/8
  2288 | D:3      | Noticed an orc warrior
  2610 | D:1      | HP: 1/70 [orc warrior/hand axe (8)]
  2611 | D:1      | Mangled by an orc warrior

Skill      XL: |  1  2  3  4 |
---------------+-------------+-----
Short Blades   | 1 |  1.4
Long Blades    | 1 |  1.4
Maces & Flails | 1 |  1.4
Polearms       | 1 |  1.4
Staves         | 1 |  1.4
Slings         | 1 |  1.4
Bows           | 1 |  1.4
Crossbows      | 1 |  1.4
Throwing       | 1 |  1.4
Stealth        | 1 |  1.4
Shields        | 1 |  1.4
Unarmed Combat | 1 |  1.4
Spellcasting   | 1 |  1.4
Evocations     | 1 |  1.4
Conjurations   | 1 |  1.1
Hexes          | 1 |  1.1
Charms         | 1 |  1.1
Summonings     | 1 |  1.1
Necromancy     | 1 |  1.1
Translocations | 1 |  1.1
Transmutations | 1 |  1.1
Fire Magic     | 1 |  1.1
Ice Magic      | 1 |  1.1
Air Magic      | 1 |  1.1
Earth Magic    | 1 |  1.1
Poison Magic   | 1 |  1.1
Fighting       | |  6.7
Axes           | |  4.7
Armour         | |  4.7
Dodging        | |  2.9
Invocations    | |  4.8

Action                   |  1- 3 |  4- 6 || total
-------------------------+-------+-------++-------
Melee: Hand axe          |    83 |   151 ||   234
       Bite              |     4 |    15 ||    19
Invok: Depart the Abyss  |     1 |       ||     1
       Bend Space        |       |     5 ||     5
  Use: Scroll            |     2 |     6 ||     8
       Potion            |     2 |     1 ||     3
 Stab: Sleeping          |     1 |     4 ||     5
  Eat: Chunk             |       |     4 ||     4
       Ration            |       |     1 ||     1
Armor: Leather armour    |    26 |    49 ||    75
Dodge: Dodged            |    57 |   102 ||   159
